 Dungeon Crawl Stone Soup version 0.18-a0-1774-gce1f7b6 (webtiles) character file.

247 namelastname112 the Sneak (level 6, 0/32 HPs)
             Began as a Vine Stalker Assassin on Apr 15, 2016.
             Slain by a gnoll
             ... wielding a +0 halberd
              (9 damage)
             ... on level 3 of the Dungeon.
             The game lasted 00:02:12 (1684 turns).

namelastname112 the Sneak (Vine Stalker Assassin)   Turns: 1684, Time: 00:02:12

Health: 0/32       AC:  5    Str: 13    XL:     6   Next: 11%
Magic:  0/7        EV: 12    Int: 11    God:
Gold:   158        SH:  0    Dex: 18    Spells: 0 memorised, 5 levels left

rFire  . . .     SeeInvis .     a - +2 dagger
rCold  . . .     Gourm    .     c - +0 robe
rNeg   . . .     Faith    .     (no shield)
rPois  .         Spirit   +     o - +0 helmet
rElec  .         Dismiss  .     d - +0 cloak
rCorr  .         Reflect  .     w - +0 pair of gloves
SustAt .         Harm     .     (no boots)
MR     .....                    (no amulet)
Stlth  ++++......               (no ring)
                                (no ring)

@: lethally poisoned (0 -> 0), not resistant to hostile enchantments, stealthy
A: fangs 2, regeneration 2, magic shield, antimagic bite, no device heal 3, rot
immunity
a: no special abilities


You were on level 3 of the Dungeon.
You were not hungry.

You visited 1 branch of the dungeon, and saw 3 of its levels.

You collected 158 gold pieces.

Inventory:

Hand Weapons
 a - a +2 dagger (weapon)
 b - a +0 blowgun
Missiles
 e - 36 poisoned needles
 f - 2 curare-tipped needles
Armour
 c - a +0 robe (worn)
 d - a +0 cloak (worn)
 o - a +0 helmet (worn)
 w - a +0 pair of gloves (worn)
Scrolls
 h - a scroll of enchant armour {unknown}
 n - a scroll of noise {unknown}
 p - a scroll of fog {unknown}
 q - a scroll of blinking {unknown}
 r - a scroll of random uselessness {unknown}
 v - a scroll of identify {unknown}
Potions
 i - a potion of brilliance {unknown}
 j - a potion of curing {unknown}
 k - a potion of lignification {unknown}
 s - a potion of cancellation {unknown}
 t - a potion of resistance {unknown}
Comestibles
 g - 2 bread rations
 l - 6 fruits
 m - a slice of pizza
 x - a beef jerky


   Skills:
 + Level 2.8 Fighting
 * Level 3.2 Short Blades
 + Level 2.4 Throwing
 + Level 1.7 Dodging
 * Level 6.6 Stealth


You had 5 spell levels left.
You didn't know any spells.

Dungeon Overview and Level Annotations

Branches:
Dungeon (3/15)

Altars:
Qazlal
Sif Muna
Zin


Innate Abilities, Weirdness & Mutations

You have extremely sharp teeth.
You heal very quickly.
When hurt, damage is shared between your health and your magic reserves.
Your bite disrupts and absorbs the magic of your enemies.
Potions and wands cannot restore your health.
You are immune to rotting.


Message History

A gnoll shaman comes into view. It is wielding a whip.
The gnoll shaman shouts!
You hit the gnoll. You bite the gnoll, but do no damage.
The gnoll is heavily wounded.
The gnoll hits you with a halberd. The gnoll closely misses you.
You hit the gnoll but do no damage.
The gnoll is heavily wounded.
The gnoll hits you but does no damage. The gnoll hits you with a halberd!
You closely miss the gnoll. Your bite misses the gnoll.
The gnoll is heavily wounded.
You feel sick.
The gnoll hits you from afar with a spear.
* * * LOW HITPOINT WARNING * * *
You are too injured to fight recklessly!
You are too injured to fight recklessly!
You are too injured to fight recklessly!
You are too injured to fight recklessly!
You take 10 damage, and have 8/32 hp.
MASSIVE DAMAGE!!
You now have 2/7 mp.
The gnoll hits you from afar with a halberd!
You die...

.. ##.# ## .. #..# .#
....######.#####.#### .
..<(.........#......# .
...###.####(#......# #.
#...# #%.(.....#
#.####.### ##...)...###
#..#...#######.@.......#
#...#..........†....#..
###.............g......
###)#..........g...###≈
#).†##.......#..g..#
###.#.^^..≈.≈......###
##..≈#^...≈≈#≈≈.....
....≈^^^^.≈###.....##
....(..#..^^ #^..#[..#


You could see a gnoll shaman and 2 gnolls.

Vanquished Creatures
  An orc priest (D:3)
  Crazy Yiuf (D:3)
  Terence (D:2)
  An iguana (D:3)
  An orc wizard (D:3)
  A gnoll (D:3)
  An adder (D:2)
  3 worms
  3 dart slugs
  3 giant geckos
  5 orcs (D:3)
  3 ball pythons
  3 giant cockroaches
  16 goblins
  6 hobgoblins
  2 jackals (D:2)
  5 kobolds
  5 bats
  7 giant newts
  8 rats
76 creatures vanquished.

Notes
Turn   | Place    | Note
--------------------------------------------------------------
     0 | D:1      | namelastname112 the Vine Stalker Assassin began the quest for the Orb.
     0 | D:1      | Reached XP level 1. HP: 11/11 MP: 2/2
    35 | D:1      | Reached skill level 5 in Stealth
    71 | D:1      | Reached XP level 2. HP: 9/15 MP: 3/3
   311 | D:1      | Reached skill level 1 in Dodging
   334 | D:1      | Reached XP level 3. HP: 18/18 MP: 4/4
   658 | D:2      | Found a deep blue altar of Sif Muna.
   658 | D:2      | Found a glowing silver altar of Zin.
   713 | D:2      | Noticed Terence
   714 | D:2      | Killed Terence
   714 | D:2      | Reached XP level 4. HP: 23/23 MP: 5/5
  1421 | D:3      | Reached skill level 6 in Stealth
  1421 | D:3      | Reached XP level 5. HP: 13/27 MP: 6/6
  1473 | D:3      | Noticed Crazy Yiuf
  1488 | D:3      | Killed Crazy Yiuf
  1615 | D:3      | Found a stormy altar of Qazlal.
  1633 | D:3      | Gained mutation: You heal very quickly. [Vine Stalker growth]
  1633 | D:3      | Reached XP level 6. HP: 20/32 MP: 7/7
  1684 | D:3      | Slain by a gnoll

Vault maps used:
D:1:      dpeg_arrival_subterranean_lakeside_camping
D:2:      kennysheep_the_goblin_king, gammafunk_temple_overflow_wave,
          uniq_terence
D:3:      grunt_qazlal_sundering, grunt_decor_cap, minmay_crystal_water,
          uniq_crazy_yiuf_cottage

Skill      XL: |  1  2  3  4  5 |
---------------+----------------+-----
Stealth        | 5 6 |  6.6
Short Blades   | 2 3 |  3.2
Fighting       | 2 |  2.8
Dodging        | 1 |  1.7
Throwing       | 2 |  2.4

Action                   |  1- 3 |  4- 6 || total
-------------------------+-------+-------++-------
Melee: Dagger            |    58 |   135 ||   193
       Bite              |    12 |    33 ||    45
 Fire: Blowgun           |       |     4 ||     4
 Stab: Sleeping          |     8 |    13 ||    21
       Distracted        |     1 |     1 ||     2
  Eat: Chunk             |       |     3 ||     3
Armor: Robe              |    12 |    26 ||    38
Dodge: Dodged            |    30 |    70 ||   100
